 Dungeon Crawl Stone Soup version 0.27.1-1-g398f81649c (webtiles) character file.

Game seed: 14207218170270758581

16 phibes the Caller (level 2, -8/19 HPs)
             Began as a Human Summoner on Sept 13, 2021.
             Was an Initiate of Ru.
             Mangled by Sigmund (11 damage)
             ... on level 2 of the Dungeon.
             The game lasted 00:16:54 (645 turns).

phibes the Caller (Human Summoner)                   Turns: 645, Time: 00:16:54

Health: -8/19      AC:  2    Str:  8    XL:     2   Next: 70%
Magic:  3/5        EV: 12    Int: 15    God:    Ru [......]
Gold:   0          SH:  0    Dex: 13    Spells: 4/5 levels left

rFire    . . .     SeeInvis .   (no weapon)
rCold    . . .     Faith    .   (no shield)
rNeg     . . .     Spirit   .   a - +0 robe
rPois    .         Reflect  .   (no helmet)
rElec    .         Harm     .   (no cloak)
rCorr    .         Rampage  .   (no gloves)
Will     .....                  (no boots)
Stlth    ++........             (no amulet)
HPRegen  0.06/turn              (no ring)
MPRegen  0.09/turn              (no ring)

@: no status effects
A: missing an eye
a: Renounce Religion


You were on level 2 of the Dungeon.
You worshipped Ru.
Ru was noncommittal.
You visited 1 branch of the dungeon, and saw 2 of its levels.

Inventory:

Armour
 a - a +0 robe (worn)
 c - a +0 helmet
Scrolls
 b - a scroll of teleportation {unknown}


   Skills:
 - Level 2.0 Dodging
 - Level 2.0 Stealth
 + Level 2.4 Spellcasting
 + Level 4.3 Summonings


You had 4 spell levels left.
You knew the following spells:

 Your Spells              Type           Power      Damage    Failure   Level
a - Summon Small Mammal   Summ           56%        N/A       3%          1

Your spell library contained the following spells:

 Spells                   Type           Power      Damage    Failure   Level
 Call Imp                 Summ           14%        N/A       5%          2
 Call Canine Familiar     Summ           14%        N/A       11%         3
 Summon Guardian Golem    Hex/Summ       8%         N/A       26%         3
 Summon Lightning Spire   Summ/Air       8%         N/A       65%         4


Dungeon Overview and Level Annotations

Branches:
Dungeon (1/15)

Altars:
Ru

Annotations:
D:2 Sigmund


Innate Abilities, Weirdness & Mutations

You are missing an eye, making it more difficult to aim.


Message History

* * * LOW HITPOINT WARNING * * *
The goblin hits you with a +0 dagger.
* * * LOW HITPOINT WARNING * * *
Your rat bites the goblin.
The goblin dies!
Are you sure you want to stumble around while confused and next to your bat? [Y]es or [N]o only, please.
Are you sure you want to stumble around while confused and next to your bat?
Okay, then.
You're too confused to cast spells.
Okay, then.
Are you sure you want to stumble around while confused and next to your bat? [Y]es or [N]o only, please.
Are you sure you want to stumble around while confused and next to your bat? [Y]es or [N]o only, please.
Are you sure you want to stumble around while confused and next to your bat? [Y]es or [N]o only, please.
Are you sure you want to stumble around while confused and next to your bat? [Y]es or [N]o only, please.
Are you sure you want to stumble around while confused and next to your bat? [Y]es or [N]o only, please.
Are you sure you want to stumble around while confused and next to your bat? [Y]es or [N]o only, please.
Are you sure you want to stumble around while confused and next to your bat? [Y]es or [N]o only, please.
Are you sure you want to stumble around while confused and next to your bat? [Y]es or [N]o only, please.
Are you sure you want to stumble around while confused and next to your bat?
Okay, then.
Unknown command.
Unknown command.
Unknown command.
A magic dart appears from out of thin air!
The magic dart hits your bat!
Your bat dies!
Your bat's corpse disappears in a puff of smoke!
You feel less confused. Something hits you!
Ouch! That really hurt!
You die...

#............
#.#....####.
####.#.##.#
#....#....#
#{#######.#
#....#......
####{#.##.###
#.#r##.#
#.@.##..
########


You could see a friendly rat (summoned).

Vanquished Creatures (collateral kills)
  An adder (D:2)
  A ball python (D:1)
  A giant cockroach (D:1)
  2 goblins
  2 hobgoblins (D:1)
  7 jackals (D:1)
  A kobold (D:1)
  2 rats (D:1)
17 creatures vanquished.

Notes
Turn   | Place    | Note
-------+----------+-------------------------------------------
     0 | D:1      | phibes the Human Summoner began the quest for the Orb.
     0 | D:1      | Reached XP level 1. HP: 13/13 MP: 3/3
    24 | D:1      | Noticed a floating eye
    60 | D:1      | Found a faded altar of an unknown god.
    61 | D:1      | Noticed a shining eye
    61 | D:1      | Noticed a golden eye
    61 | D:1      | Noticed a great orb of eyes
    69 | D:1      | Became a worshipper of Ru the Awakened
    91 | D:1      | Gained mutation: You are missing an eye, making it more
                  | difficult to aim. [Ru sacrifice]
   353 | D:1      | Reached XP level 2. HP: 19/19 MP: 1/5
   555 | D:1      | You fall into a shaft and drop 1 floor!
   616 | D:2      | Noticed Sigmund
   645 | D:2      | Mangled by Sigmund

Illustrated notes

Levels and vault maps discovered:
D:1:      dpeg_arrival_long_road, layout_loops_ring,
          hellmonk_ecumenical_altar_watching_god, serial_park_tiny_1,
          minmay_cupped
D:2:      layout_loops_corners, basic_altar, hangedman_decor_riveting,
          uniq_sigmund

Action                   || total
-------------------------++-------
Melee: Unarmed           ||     2
 Cast: Summon Small Mamm ||    40
Invok: Sacrifice an Eye  ||     1
Dodge: Dodged            ||     4
